 Dungeon Crawl Stone Soup version 0.31-a0-875-g02e7d12df6 (webtiles) character file.

Game seed: 15103003680940926554

1516 jasper the Trooper (level 9, 0/71 HPs)
             Began as a Human Fighter on Oct 12, 2023.
             Was an Initiate of Ashenzari.
             Slain by an orc wizard
             ... wielding a +0 dagger
              (3 damage)
             ... on level 7 of the Dungeon.
             The game lasted 00:06:42 (4316 turns).

jasper the Trooper (Human Fighter)                  Turns: 4316, Time: 00:06:42

Health: 0/71       AC: 10    Str: 18    XL:     9   Next: 9%
Magic:  9/9        EV:  8    Int:  8    God:    Ashenzari [......]
Gold:   204        SH: 11    Dex: 19    Spells: 8/8 levels left

rFire   . . .        p - +7 flail of the Witching Coward {drain, Int-4 Dex+7 Stlth+}
rCold   . . .        v - +0 kite shield
rNeg    . . .        b - +0 scale mail
rPois   .            (no helmet)
rElec   .            (no cloak)
rCorr   +            (no gloves)
SInv    .            s - +1 pair of boots
Will    .....        (no amulet)
Stlth   +            h - ring of flight
HPRegen 0.31/turn    r - ring of resist corrosion
MPRegen 0.11/turn

%: no passive effects
@: about to teleport, flying
A: no striking features
a: Renounce Religion


You were on level 7 of the Dungeon.
You worshipped Ashenzari.
Ashenzari was noncommittal.
You visited 2 branches of the dungeon, and saw 8 of its levels.

You collected 204 gold pieces.

Inventory:

Hand Weapons
 a - a +0 long sword
 f - a +1 vampiric short sword
 p - the +7 flail of the Witching Coward (weapon) {drain, Int-4 Dex+7 Stlth+}
   (You found it on level 2 of the Dungeon)

   Int-4:     It affects your intelligence (-4).
   Dex+7:     It affects your dexterity (+7).
   Stlth+:    It makes you more stealthy.
Missiles
 g - 28 stones (quivered)
 l - 7 poisoned darts
Armour
 b - a +0 scale mail (worn)
 c - a +0 buckler
 s - a +1 pair of boots (worn)
 v - a +0 kite shield (worn)
Jewellery
 h - a ring of flight (left hand)
 k - a +6 ring of strength
 r - a ring of resist corrosion (right hand)
Scrolls
 d - a scroll of silence
 n - a scroll of revelation
 o - a scroll of identify
 x - a scroll of torment
Potions
 i - a potion of mutation
 m - a potion of cancellation
 q - 2 potions of degeneration
 u - a potion of attraction
 w - a potion of enlightenment


   Skills:
 + Level 6.9 Fighting
 - Level 4.0 Long Blades
 + Level 6.9 Armour
 + Level 5.8 Shields


You had 8 spell levels left.
You didn't know any spells.
Your spell library contained the following spells:

 Spells                   Type           Power      Damage    Failure   Level
 Slow                     Hex            0%         N/A       96%         1
 Confusing Touch          Hex            0%         N/A       100%        3
 Sigil of Binding         Hex            0%         N/A       100%        3
 Vampiric Draining        Necr           0%         2d6       100%        3


Dungeon Overview and Level Annotations

Branches:
Dungeon (7/15)             Temple (1/1) D:5

Altars:
Ashenzari
Dithmenos
Elyvilon
Fedhas
Gozag
Hepliaklqana
Kikubaaqudgha
Makhleb
Nemelex Xobeh
Qazlal
Ru
Sif Muna
Trog
Uskayaw
Vehumet
Wu Jian
Xom
Yredelemnul
Zin


Message History

A wyvern skeleton comes into view. 2 orcs come into view.
The orc shouts!
The orc wizard points at you and mumbles some strange words.
The puff of flame hits you!
* * * LOW HITPOINT WARNING * * *
You take 7 damage, and have 6/71 hp.
There is a stone staircase leading down here.
You fly downwards.
You hear the hiss of flowing sand.
There is an entrance to an ossuary on this level.
Hurry and find it before the portal is buried!
The orc shouts! x2; You hear a shout!
The orc priest shouts!
You hear a shout!
Found a stone staircase leading down.
You have a vision of a gate.
There is a stone staircase leading up here.
You feel better.
You regained 11 hp, and now have 19/71 hp.
An orc wizard comes into view. It is wielding a +0 dagger.
The orc wizard shouts!
An orc comes into view. It is wielding a +0 club.
You completely miss the orc. The orc hits you with a +0 falchion.
* * * LOW HITPOINT WARNING * * *
The orc priest looks braver for a moment.
You take 1 damage, and have 18/71 hp.
You closely miss the orc. You block the orc's attack.
The orc hits you but does no damage.
The orc priest calls down the wrath of Beogh upon you.
Beogh smites you!
* * * LOW HITPOINT WARNING * * *
You take 16 damage, and have 2/71 hp.
MASSIVE DAMAGE!!
You sock the orc!
You kill the orc!
The orc wizard gestures wildly while chanting.
The orc wizard flickers and vanishes!
Deactivating autopickup; reactivate with Ctrl-A.
Okay, then.
As you read the scroll of fog, it dissolves into smoke.
As you read the scroll of teleportation, it crumbles to dust.
You feel strangely unstable. Something hits you.
You die...

#...
#..
#..
...
#.#
#.#
#§# ∩
#§#
#@#
#{#
#o#
§o#
#..#
.o..
....#
....#
..>..#


You could see an orc priest.

Vanquished Creatures
  Pikel (D:5)
  A water moccasin (D:6)
  An ice beast (D:5)
  An ogre (D:5)
  2 phantoms (D:5)
  3 scorpions
  A killer bee (D:6)
  A howler monkey (D:5)
  3 hounds (D:5)
  A jelly (D:4)
  A sleepcap (D:6)
  5 iguanas
  An orc wizard (D:5)
  4 adders
  2 ufetubi
  2 dart slugs
  7 orcs
  4 ball pythons
  5 endoplasms
  6 giant cockroaches
  3 goblins
  6 hobgoblins
  5 jackals
  6 kobolds
  2 quokkas
  8 bats
  A frilled lizard (D:1)
  A rat (D:1)
84 creatures vanquished.

Notes
Turn   | Place    | Note
-------+----------+-------------------------------------------
     0 | D:1      | jasper the Human Fighter began the quest for the Orb.
     0 | D:1      | Reached XP level 1. HP: 18/18 MP: 1/1
   248 | D:1      | Reached XP level 2. HP: 24/24 MP: 2/2
   364 | D:1      | Reached XP level 3. HP: 27/29 MP: 3/3
  1295 | D:2      | Identified the +7 flail of the Witching Coward {drain,
                  | Int-4 Dex+7 Stlth+}
  1440 | D:2      | Reached XP level 4. HP: 35/35 MP: 4/4
  2020 | D:3      | Found a sparkling altar of Nemelex Xobeh.
  2022 | D:3      | Found a white marble altar of Elyvilon.
  2292 | D:4      | Noticed a scorpion
  2301 | D:4      | Reached XP level 5. HP: 36/41 MP: 5/5
  2368 | D:4      | Found a hide-covered altar of Uskayaw.
  2467 | D:4      | Found a basalt altar of Yredelemnul.
  2498 | D:4      | Reached XP level 6. HP: 24/49 MP: 6/6
  3004 | D:5      | Entered Level 5 of the Dungeon
  3044 | D:5      | Found an ancient bone altar of Kikubaaqudgha.
  3176 | D:5      | Noticed Pikel
  3207 | D:5      | Killed Pikel
  3208 | D:5      | Reached skill level 5 in Fighting
  3208 | D:5      | Reached skill level 5 in Armour
  3208 | D:5      | Reached XP level 7. HP: 31/56 MP: 7/7
  3208 | D:5      | Reached XP level 8. HP: 35/63 MP: 8/8
  3600 | D:5      | Found a staircase to the Ecumenical Temple.
  3608 | Temple   | Entered the Ecumenical Temple
  3618 | Temple   | Became a worshipper of Ashenzari the Shackled
  3735 | D:5      | Reached skill level 5 in Shields
  3948 | D:5      | Found a stormy altar of Qazlal.
  4227 | D:6      | Reached XP level 9. HP: 60/71 MP: 9/9
  4313 | D:7      | HP: 2/71 [orc priest/divine providence (16)]
  4316 | D:7      | Slain by an orc wizard

Illustrated notes

Levels and vault maps discovered:
D:1:      dpeg_arrival_more_subterranean_lakeside_camping, layout_basic
D:2:      layout_basic
D:3:      layout_loops_ring, nicolae_overflow_hidden_temple
D:4:      layout_loops_ring, yredelemnul_altar_generic,
          nicolae_overflow_crystal_walls
D:5:      layout_basic, mainiacjoe_overflow_chevrons, marbit_many_paths,
          minmay_temple_entry_tees, uniq_pikel
D:6:      layout_loops_cross, serial_undead, serial_undead_c, serial_undead_a,
          serial_undead_e, serial_undead_c
D:7:      layout_basic, enter_ossuary_4, dk_vineyard_2,
          kennysheep_generic_room_6, uniq_maggie, uniq_prince_ribbit1
Temple:   hellmonk_temple_forest_ring

Skill      XL: |  1  2  3  4  5  6  7  8 |
---------------+-------------------------+-----
Long Blades    | 3 4 |  4.0
Fighting       | 4 5 6 |  6.9
Armour         | 4 5 6 |  6.9
Shields        | 4 5 |  5.8

Action                     |  1- 3 |  4- 6 |  7- 9 || total
---------------------------+-------+-------+-------++-------
  Melee: Long sword        |   110 |     1 |       ||   111
         Flail             |       |    71 |    85 ||   156
    Use: Scroll            |     4 |    12 |     5 ||    21
         Potion            |       |     2 |     2 ||     4
   Stab: Sleeping          |       |     1 |       ||     1
 Armour: Scale mail        |    91 |    57 |    65 ||   213
  Dodge: Dodged            |    57 |    22 |    25 ||   104
  Block: Buckler           |    19 |    15 |       ||    34
         Kite shield       |       |     8 |    62 ||    70

Table legend: (Time is in decaauts)
 A = Elapsed time spent in this place.
 B = Non-inter-level travel time spent in this place.
 C = Inter-level travel time spent in this place.
 D = Time resting spent in this place.
 E = Time spent auto-exploring this place.
 F = Levels seen in this place.
 G = Mean time per level.
                   A        B        C        D        E       F      G
               +--------+--------+--------+--------+--------+-----+--------+
         Total |   4427 |   4247 |    180 |    131 |   3160 |   8 |  553.4 |
       Dungeon |   4408 |   4235 |    173 |    131 |   3160 |   7 |  629.7 |
        Temple |     18 |     11 |      7 |      0 |      0 |   1 |   18.0 |
               +--------+--------+--------+--------+--------+-----+--------+

Top non-repeatable levels by time:
     D:5: 1175 daAuts
     D:1: 931 daAuts
     D:4: 728 daAuts
     D:3: 698 daAuts
     D:2: 696 daAuts
     D:6: 168 daAuts
  Temple: 18 daAuts
     D:7: 10 daAuts
